 Dungeon Crawl Stone Soup version 0.28-a0-1038-g9c4cb8273d (webtiles) character file.

Game seed: 7206544698161714968

1271 Lavandula the Quickloader (level 8, -7/64 HPs)
             Began as a Naga Arcane Marksman on Dec 8, 2021.
             Engulfed by a cloud of flame (26 damage)
             ... on level 6 of the Dungeon.
             The game lasted 00:10:52 (6354 turns).

Lavandula the Quickloader (Naga Arcane Marksman)    Turns: 6354, Time: 00:10:52

Health: -7/64      AC:  7    Str: 15    XL:     8   Next: 53%
Magic:  6/9        EV: 10    Int: 13    God:
Gold:   191        SH:  0    Dex: 12    Spells: 1/9 levels left

rFire   . . .      SeeInvis +   a - +0 hand crossbow (vorpal)
rCold   . . .      Faith    .   (no shield)
rNeg    . . .      Spirit   .   d - +0 robe
rPois   +          Reflect  .   (no helmet)
rElec   .          Harm     .   i - +0 cloak
rCorr   .          Rampage  .   G - +2 pair of gloves
Will    +....                   (no barding)
Stlth   +.........              (no amulet)
HPRegen 0.20/turn               (no ring)
MPRegen 0.11/turn               (no ring)

@: short of breath, very slow
A: AC +2, large, see invisible, deformed body, poison resistance, slowness 2,
spit poison 1, naga tail 1
a: Spit Poison


You were on level 6 of the Dungeon.
You visited 1 branch of the dungeon, and saw 6 of its levels.
You also visited: Sewer and Ossuary.

You collected 191 gold pieces.

Inventory:

Hand Weapons
 a - a +0 vorpal hand crossbow (weapon)
 x - a +0 spear
 y - a +0 long sword
Missiles
 b - 4 javelins
 c - 23 bolts (quivered ammo)
Armour
 d - a +0 robe (worn)
 i - a +0 cloak (worn)
 G - a +2 pair of gloves (worn)
Jewellery
 v - a ring of fire
Scrolls
 f - 3 scrolls of summoning {unknown}
 g - 5 scrolls of fear
 j - 5 scrolls of enchant weapon {unknown}
 n - 3 scrolls of teleportation
 s - 2 scrolls of torment {unknown}
 t - 5 scrolls of immolation
 u - 2 scrolls of fog {unknown}
 w - a scroll of holy word
 A - a scroll of enchant armour {unknown}
 D - a scroll of magic mapping
Potions
 e - a potion of magic {unknown}
 h - 4 potions of curing
 l - 2 potions of mutation {unknown}
 m - 3 potions of might {unknown}
 o - 2 potions of heal wounds {unknown}
 p - a potion of resistance {unknown}
 q - 2 potions of haste {unknown}
 r - 2 potions of cancellation {unknown}
 z - a potion of invisibility {unknown}
 B - a potion of brilliance {unknown}
 C - a potion of lignification {unknown}
 E - 3 potions of flight {unknown}


   Skills:
 + Level 1.4 Fighting
 - Level 3.1 Long Blades
 - Level 8.0 Crossbows
 - Level 1.5 Dodging
 - Level 1.0 Spellcasting
 - Level 4.6 Hexes
 - Level 1.1 Fire Magic


You had one spell level left.
You knew the following spells:

 Your Spells              Type           Power      Damage    Failure   Level
a - Slow                  Hex            48%        N/A       4%          1
b - Inner Flame           Hex/Fire       8%         N/A       26%         3
c - Cause Fear            Hex            6%         N/A       38%         4

Your spell library contained the following spells:

 Spells                   Type           Power      Damage    Failure   Level
 Pain                     Necr           0%         1d4       28%         1
 Portal Projectile        Hex/Tloc       12%        N/A       32%         3
 Agony                    Necr           0%         N/A       100%        5
 Excruciating Wounds      Necr           0%         N/A       100%        5


Dungeon Overview and Level Annotations

Branches:
Dungeon (6/15)              Sewer (visited)         Ossuary (visited)
 Temple: D:4-7

Altars:


Innate Abilities, Weirdness & Mutations

Your serpentine skin is tough. (AC +2)
You have supernaturally acute eyesight. (SInv)
Armour fits poorly on your strangely shaped body.
Your system is resistant to poisons. (rPois)
You cover ground very slowly.
You can spit poison.
You have a snake-like lower body.


Message History

The black bear is lightly wounded.
The black bear is engulfed in blazing flames.
Flame seeps out of the black bear.
The hound barely misses you.
Fire: 26 bolts
Press: ? - help, Q - select action, (/) - cycle Shift-Dir - straight line, f/p - black bear
Aim: a black bear (heavily wounded, inner flame, 72% to hit)
You shoot a bolt.
The bolt hits the hound but does no damage.
The hound is severely wounded.
The hound bites you but does no damage. The hound bites you.
Unknown command.
Aiming: Spit Poison (1% risk of failure)
Press: ? - help, Shift-Dir - straight line, f/p - black bear
Aim: a black bear (heavily wounded, inner flame)
The splash of poison hits the hound!
You kill the hound!
Unknown command.
Unknown command.
Fire: 25 bolts
Press: ? - help, Q - select action, (/) - cycle Shift-Dir - straight line, f/p - black bear
Aim: a black bear (heavily wounded, inner flame, 72% to hit)
You shoot a bolt. The bolt barely misses the black bear.
The bolt hits the iguana.
The iguana is moderately wounded.
The black bear bites you but does no damage.
The black bear misses you. x2
Unknown command.
Fire: 24 bolts
Press: ? - help, Q - select action, (/) - cycle Shift-Dir - straight line, f/p - black bear
Aim: a black bear (heavily wounded, inner flame, 72% to hit)
You shoot a bolt. The bolt hits the black bear!
Flame seeps out of the black bear.
The black bear explodes!
The fiery explosion engulfs you!!!
Ouch! That really hurt!
* * * LOW HITPOINT WARNING * * *
The fiery explosion engulfs the iguana!!
You kill the iguana!
You are engulfed in blazing flames.
You die...

#.....##.# #.#
###.####.# #.# ## #.#
#.# #.# .## #.# #.#
######.# ..# #.# #.#
#... ..# ..####.#
#.###.# ### .......#
#.≈≈≈≈## .!##.###
#.≈...§###
..##.######.≈≈≈≈@○(#
..#......>......##§.(...
........#######.# ..#.#
........# #.# #.#
........# #.# .#
........# #.. .
#.......# #.# #.......#
#.. #.......# #.#


There were no monsters in sight!

Vanquished Creatures
  A water moccasin (D:6)
  A black bear (D:6)
  A centaur (D:6)
  3 ogres
  2 wyvern zombies (D:6)
  2 water moccasin skeletons
  3 hounds
  A centaur zombie (Ossuary)
  A gnoll shaman (D:4)
  2 human zombies (Ossuary)
  2 iguanas
  3 orc wizards
  A killer bee zombie (D:4)
  3 mummies (Ossuary)
  A howler monkey zombie (D:6)
  4 gnolls (D:4)
  9 adders
  A river rat (Sewer)
  An ufetubus (D:5)
  3 worms (D:3)
  2 dart slugs
  10 orcs
  8 ball pythons
  2 bats
  7 endoplasms
  5 giant cockroaches
  7 goblins
  4 hobgoblins
  2 jackals (D:2)
  5 quokkas
  17 frilled lizards
  A goblin zombie (Ossuary)
  A hobgoblin zombie (Ossuary)
  5 kobolds
  3 orc zombies (Ossuary)
  7 rats
131 creatures vanquished.

Vanquished Creatures (others)
  4 plants (D:4)
4 creatures vanquished.

Grand Total: 135 creatures vanquished

Notes
Turn   | Place    | Note
-------+----------+-------------------------------------------
     0 | D:1      | Lavandula the Naga Arcane Marksman began the quest for the
                  | Orb.
     0 | D:1      | Reached XP level 1. HP: 18/18 MP: 2/2
    53 | D:1      | Reached skill level 2 in Crossbows
   296 | D:1      | Reached XP level 2. HP: 25/25 MP: 3/3
   524 | D:1      | Found a faded altar of an unknown god.
   971 | D:2      | Reached skill level 3 in Crossbows
  1037 | D:2      | Reached XP level 3. HP: 31/31 MP: 4/4
  1490 | D:2      | Reached XP level 4. HP: 38/38 MP: 5/5
  1825 | D:3      | Found a glowing drain.
  1830 | D:3      | Reached skill level 4 in Crossbows
  1845 | Sewer    | Entered a sewer
  2752 | D:3      | Reached XP level 5. HP: 42/44 MP: 6/6
  2756 | D:3      | Reached skill level 5 in Crossbows
  3015 | D:3      | Reached XP level 6. HP: 51/51 MP: 7/7
  3357 | D:4      | Found a sand-covered staircase.
  3375 | Ossuary  | Entered an ossuary
  3428 | Ossuary  | Reached skill level 1 in Long Blades
  4025 | D:4      | Learned a level 3 spell: Inner Flame
  4166 | D:4      | Reached skill level 1 in Fire Magic
  4166 | D:4      | Reached XP level 7. HP: 52/57 MP: 8/8
  4213 | D:4      | Reached skill level 6 in Crossbows
  4919 | D:5      | Entered Level 5 of the Dungeon
  5110 | D:5      | Learned a level 4 spell: Cause Fear
  5256 | D:5      | Reached skill level 7 in Crossbows
  5596 | D:5      | Reached XP level 8. HP: 61/64 MP: 9/9
  5801 | D:6      | Reached skill level 8 in Crossbows
  6354 | D:6      | Engulfed by a cloud of flame

Illustrated notes

Levels and vault maps discovered:
D:1:      onia_arrival_pyramid, layout_basic,
          ebering_ecumenical_altar_abandoned, chequers_serial_rivers_large_b
D:2:      layout_loops_cross
D:3:      layout_loops_cross, serial_glass, glass_columns_b, glass_columns_b,
          portal_sewer_entry_f, minmay_misc_feat_iff
D:4:      layout_loops_cross, nicolae_ossuary_entry_ruins, minmay_lizard_king
D:5:      layout_basic
D:6:      layout_loops_ring, minmay_temple_entry_grid,
          chequers_serial_rivers_micro_d

Skill      XL: |  1  2  3  4  5  6  7  8 |
---------------+-------------------------+-----
Crossbows      | 2 3 4 5 7 8 |  8.0
Long Blades    | 3 |  3.1
Fire Magic     | 1 |  1.1
Hexes          | 4 |  4.6
Fighting       | |  1.4
Dodging        | |  1.5
Spellcasting   | |  1.0

Action                   |  1- 3 |  4- 6 |  7- 9 || total
-------------------------+-------+-------+-------++-------
Melee: Long sword        |       |    67 |    14 ||    81
 Fire: Hand crossbow     |    63 |   101 |   100 ||   264
 Cast: Inner Flame       |       |       |     2 ||     2
 Abil: Spit Poison       |    14 |    26 |    25 ||    65
  Use: Scroll            |       |     7 |     1 ||     8
       Potion            |       |       |     1 ||     1
Armor: Robe              |     6 |    52 |    20 ||    78
Dodge: Dodged            |    12 |    63 |    49 ||   124

Table legend: (Time is in decaauts)
 A = Elapsed time spent in this place.
 B = Non-inter-level travel time spent in this place.
 C = Inter-level travel time spent in this place.
 D = Time resting spent in this place.
 E = Time spent auto-exploring this place.
 F = Levels seen in this place.
 G = Mean time per level.
                   A        B        C        D        E       F      G
               +--------+--------+--------+--------+--------+-----+--------+
         Total |   7979 |   7726 |    253 |    939 |   5397 |   8 |  997.4 |
       Dungeon |   6502 |   6249 |    253 |    790 |   4358 |   6 | 1083.7 |
         Sewer |    842 |    842 |      0 |    149 |    540 |   1 |  842.0 |
       Ossuary |    634 |    634 |      0 |      0 |    497 |   1 |  634.0 |
               +--------+--------+--------+--------+--------+-----+--------+

Top non-repeatable levels by time:
     D:4: 1400 daAuts
     D:1: 1270 daAuts
     D:3: 1137 daAuts
     D:2: 1008 daAuts
     D:5: 883 daAuts
   Sewer: 842 daAuts
     D:6: 802 daAuts
 Ossuary: 634 daAuts
